 Dungeon Crawl Stone Soup version 0.24.1-11-gbbbb2193e6 (webtiles) character file.

Game seed: 2033269356422990206, levelgen mode: deterministic

355 Hugehornet the Changer (level 6, -6/38 HPs)
             Began as an Octopode Transmuter on May 13, 2020.
             Mangled by an ogre
             ... wielding a +0 giant club
              (29 damage)
             ... on level 4 of the Dungeon.
             The game lasted 00:16:11 (4759 turns).

Hugehornet the Changer (Octopode Transmuter)        Turns: 4759, Time: 00:16:12

Health: -6/38      AC:  2    Str:  9    XL:     6   Next: 63%
Magic:  9/11       EV: 20    Int: 18    God:
Gold:   90         SH:  3    Dex: 21    Spells: 1/11 levels left

rFire    . . .     SeeInvis .     - Unarmed
rCold    + . .     Gourm    .   (shield currently unavailable)
rNeg     + . .     Faith    .   (helmet currently unavailable)
rPois    x         Spirit   .   i - +3 amulet of reflection
rElec    .         Reflect  +   d - +4 ring of dexterity
rCorr    .         Harm     .   f - ring of protection from cold
MR       .....                  g - ring of positive energy
Stlth    ++........             (no ring)
HPRegen  0.12/turn              (no ring)
MPRegen  0.12/turn              (no ring)
                                (no ring)
                                (no ring)

@: spider-form
A: tiny, almost no armour, stealthy swim, (amphibious), 8 rings, (constrict 8)
a: End Transformation


You were on level 4 of the Dungeon.
You were not hungry.
You were a venomous arachnid creature.
You visited 1 branch of the dungeon, and saw 4 of its levels.

You collected 90 gold pieces.

Inventory:

Missiles
 a - 85 arrows
Jewellery
 d - a +4 ring of dexterity (left front leg)
 f - a ring of protection from cold (right front leg)
 g - a ring of positive energy (on tentacle)
 i - a +3 amulet of reflection (around neck)
Wands
 j - a wand of random effects (12)
Scrolls
 b - a scroll of remove curse
 e - a scroll of blinking
 k - a scroll of enchant weapon
 n - 2 scrolls of teleportation
Potions
 h - 2 potions of flight
 m - a potion of mutation {unknown}
 p - a potion of lignification {unknown}
Comestibles
 c - 7 rations
 o - 3 chunks of flesh


   Skills:
 - Level 1.0 Fighting
 - Level 2.0 Dodging
 + Level 3.7 Unarmed Combat
 + Level 3.4 Spellcasting
 * Level 4.2 Transmutations
 * Level 2.0 Ice Magic
 - Level 3.0 Poison Magic


You had one spell level left.
You knew the following spells:

 Your Spells              Type           Power        Failure   Level  Hunger
a - Beastly Appendage     Tmut           ###...       10%         1    None
b - Sticks to Snakes      Tmut           ###.....     13%         2    ##.....
c - Spider Form           Tmut/Pois      ###.......   26%         3    ###....
d - Ice Form              Ice/Tmut       ##......     63%         4    ####...

Your spell library contained the following spells:

 Spells                   Type           Power        Failure   Level  Hunger
 Blade Hands              Tmut           ###.......   80%         5    ######.


Dungeon Overview and Level Annotations

Branches:
Dungeon (4/15)
 Temple: D:4-7

Altars:
Trog


Innate Abilities, Weirdness & Mutations

You cannot wear most types of armour.
You are very stealthy in the water. (Stealth+)
((You are amphibious.))
You can wear up to eight rings at the same time.
((You can use your tentacles to constrict eight enemies at once.))
((Your skin changes colour to match your surroundings (Stealth+).))
((Your rubbery body absorbs attacks. (AC +1, EV +1)))


Message History

The ogre is moderately wounded.
The ogre hits you with a +0 giant club!
You hit the ogre but do no damage.
The ogre looks as sick as possible!
The ogre is moderately wounded.
The ogre misses you.
You hit the ogre but do no damage.
The ogre is moderately wounded.
You hit the ogre but do no damage.
The ogre looks as sick as possible!
The ogre is moderately wounded.
The ogre barely misses you.
You hit the ogre but do no damage.
The ogre looks as sick as possible!
The ogre is heavily wounded.
The ogre completely misses you.
You completely miss the ogre.
The ogre is severely wounded.
You hit the ogre.
The ogre looks as sick as possible!
The ogre is almost dead.
The ogre hits you with a +0 giant club!!
Ouch! That really hurt!
You die...

#..#####.#####.#..
#..#...#....##.#..
#..#...#....##.#
#......'.......#
##
##.#...#....####
.. #.....#....# #.
##.####....#
#.####..# #....#
...###.#.###s#
#.#### .........#
#O###.#
#.#.##.#.###..##.#
#.#......#
#.######..# #.
#..# #. #.... #.
#.#..# #. #....#


You could see an ogre.

Vanquished Creatures
  A scorpion (D:4)
  A howler monkey (D:3)
  A hound (D:4)
  An orc priest (D:3)
  Jessica (D:2)
  A worker ant (D:4)
  5 adders
  An ooze (D:2)
  A worm (D:2)
  A dart slug (D:1)
  3 leopard geckos
  11 orcs
  A ball python (D:3)
  4 giant cockroaches
  6 goblins
  4 hobgoblins
  17 jackals
  A quokka (D:3)
  9 bats
  5 frilled lizards
  8 kobolds
  6 rats
89 creatures vanquished.

Notes
Turn   | Place    | Note
-------+----------+-------------------------------------------
     0 | D:1      | Hugehornet the Octopode Transmuter began the quest for the
                  | Orb.
     0 | D:1      | Reached XP level 1. HP: 13/13 MP: 3/3
   298 | D:1      | Reached XP level 2. HP: 18/18 MP: 3/5
   355 | D:1      | Learned a level 2 spell: Sticks to Snakes
  1041 | D:2      | Noticed Jessica
  1056 | D:2      | Killed Jessica
  1056 | D:2      | Reached skill level 3 in Transmutations
  1056 | D:2      | Reached XP level 3. HP: 22/23 MP: 4/6
  1061 | D:2      | Learned a level 3 spell: Spider Form
  1178 | D:2      | Reached XP level 4. HP: 23/28 MP: 5/8
  1179 | D:2      | Reached skill level 1 in Poison Magic
  2618 | D:3      | Reached XP level 5. HP: 20/33 MP: 7/9
  2624 | D:3      | Learned a level 4 spell: Ice Form
  3093 | D:3      | Reached skill level 1 in Ice Magic
  3518 | D:3      | Found a bloodstained altar of Trog.
  3522 | D:3      | Reached XP level 6. HP: 32/38 MP: 10/10
  4314 | D:4      | Reached skill level 4 in Transmutations
  4759 | D:4      | Mangled by an ogre

Levels and vault maps discovered:
D:1:      dpeg_arrival_simpleton_b, layout_basic
D:2:      layout_loops_ring, minmay_close_crescents, uniq_jessica
D:3:      wad_lake_hut, layout_basic, trog_butcher_becter
D:4:      layout_basic, first_ration

Skill      XL: |  1  2  3  4  5  6 |
---------------+-------------------+-----
Transmutations | 3 4 |  4.2
Poison Magic   | 2 3 |  3.0
Spellcasting   | 3 |  3.4
Ice Magic      | 1 2 |  2.0
Fighting       | |  1.0
Dodging        | |  2.0
Unarmed Combat | |  3.7

Action                   |  1- 3 |  4- 6 || total
-------------------------+-------+-------++-------
Melee: Unarmed           |    49 |   160 ||   209
       Constrict         |    17 |    43 ||    60
       Tentacles         |     9 |    16 ||    25
       Kick              |    10 |    45 ||    55
       Punch             |       |     2 ||     2
 Cast: Beastly Appendage |    17 |    34 ||    51
       Spider Form       |       |     4 ||     4
       Sticks to Snakes  |       |     4 ||     4
 Abil: End Transformatio |       |     2 ||     2
  Use: Scroll            |       |     7 ||     7
 Stab: Sleeping          |     3 |     2 ||     5
  Eat: Chunk             |     1 |     8 ||     9
       Ration            |       |     1 ||     1
Armor: Skin              |     4 |     7 ||    11
Dodge: Dodged            |    23 |   102 ||   125
Block: Other             |     1 |    14 ||    15
       Reflection        |       |     1 ||     1
